 Dungeon Crawl Stone Soup version 0.29.0-4-gdea44cf6ec (webtiles) character file.

Game seed: 15192841035606669735

2632 qw the Grappler (level 9, 0/76 (85) HPs)
             Began as a Troll Cinder Acolyte on Sept 3, 2022.
             Was a Priest of Ignis.
             Slain by a wight
             ... wielding a +3 hand axe
              (3 damage)
             ... on level 8 of the Dungeon.
             The game lasted 00:02:34 (5853 turns).

qw the Grappler (Troll Cinder Acolyte)              Turns: 5853, Time: 00:02:35

HP:   0/76 (85)     AC: 13    Str: 25 (28) XL:     9   Next: 35%
MP:   9/9           EV:  9    Int:  8 (10) God:    Ignis [***...]
Gold: 478           SH:  0    Dex:  4 (7)  Spells: 10/10 levels left

rFire   + + .      SeeInvis .     - Unarmed
rCold   . . .      Faith    .   (no shield)
rNeg    . . .      Spirit   .   a - +0 robe
rPois   .          Reflect  .   (helmet restricted)
rElec   .          Harm     .   b - +1 cloak of Zuklim {Dex+2}
rCorr   .          Rampage  .   (gloves unavailable)
Will    +....                   (boots unavailable)
Stlth   +.........              (no amulet)
HPRegen 1.02/turn               l - ring of protection from fire
MPRegen 0.11/turn               k - ring of willpower

@: fiery-armoured, heavily drained
A: large, unfitting armour, claws 3, regeneration 1, shaggy fur 1, tough skin 1
a: Renounce Religion, Fiery Armour, Foxfire Swarm, Rising Flame


You were on level 8 of the Dungeon.
You worshipped Ignis.
Ignis was most pleased with you.
You visited 1 branch of the dungeon, and saw 8 of its levels.

You collected 478 gold pieces.


Innate Abilities, Weirdness & Mutations

You are too large for most types of armour.
You have claws for hands.
Your natural rate of healing is unusually fast.
You are covered in fur. (AC +1)
You have tough skin. (AC +1)


   Skills:
 + Level 4.3 Fighting
 - Level 1.7 Throwing
 - Level 1.1 Dodging
 - Level 12.0 Unarmed Combat
 - Level 1.0 Spellcasting
 - Level 2.1 Fire Magic


You had 10 spell levels left.
You didn't know any spells.
Your spell library contained the following spells:

 Spells                   Type           Power      Damage    Failure   Level
 Scorch                   Fire           6%         2d5       24%         2

Inventory:

Missiles
 d - 8 boomerangs (quivered)
Armour
 a - a +0 robe (worn)
 b - the +1 cloak of Zuklim (worn) {Dex+2}
   (You found it on level 5 of the Dungeon)

   Dex:       It affects your dexterity (+2).
Jewellery
 c - a ring of positive energy
 k - a ring of willpower (right claw)
 l - a ring of protection from fire (left claw)
Scrolls
 f - 4 scrolls of identify
 h - 2 scrolls of enchant armour
 i - a scroll of enchant weapon
Potions
 e - 2 potions of might
 g - 5 potions of mutation

Dungeon Overview and Level Annotations

Branches:
Dungeon (8/15)             Temple (0/1) D:4
   Lair: D:8-11

Altars:
Dithmenos
Gozag
Sif Muna
Uskayaw
Xom

Shops:
D:5 (


Message History

You barely miss the wight.
The wight hits you from afar with a +3 spear.
The wight barely misses you.
The wight hits you with a +0 long sword!
5847 ||| INVOKING Fiery Armour.
A protective cloak of flame settles atop you.
The wight hits you but does no damage.
The wight is burned by your cloak of flames.
The wight is lightly damaged.
The wight hits you with a +0 long sword.
You feel drained. The wight barely misses you.
You claw the wight!
The wight is heavily damaged.
You completely miss the wight.
The wight is heavily damaged.
The wight barely misses you. The wight hits you but does no damage.
The wight hits you with a +3 hand axe!
You feel drained. The wight hits you with a +0 mace.
You feel drained.
The wight is burned by your cloak of flames.
The wight is almost destroyed.
You closely miss the wight.
The wight is almost destroyed.
The wight hits you with a +0 mace.
The wight is burned by your cloak of flames.
You destroy the wight!
The wight hits you but does no damage.
The wight hits you from afar with a +3 spear!
Your Unarmed Combat skill increases to level 12!
You claw the wight!
The wight is heavily damaged.
The wight hits you with a +0 long sword!
The wight is burned by your cloak of flames.
The wight is lightly damaged.
The wight closely misses you. The wight hits you but does no damage.
You scratch the wight but do no damage.
The wight is heavily damaged.
You barely miss the wight.
The wight is heavily damaged.
The wight hits you with a +3 hand axe.
You die...

#####......#
####...##
###..## ##[.##
##..## ##..##
### ##..##..#
## #####
##z..#.####.#
....##
#@.z......####
.....##
##z..........#
#.....#
##...........
###...#
#...........
#[..#
#..#?.##.....
###..##
.....##.# ....
#....#
#..#...##..# z
....##
........#....
...##
.#...#........#


You could see 3 wights.

Vanquished Creatures
  Sigmund (D:5)
  Menkaure (D:5)
  Edmund (D:6)
  Duvessa (D:6)
  3 water moccasins
  An ice beast (D:5)
  An orc warrior (D:6)
  A black bear (D:5)
  A phantom (D:6)
  2 centaurs
  Blork the orc (D:6)
  A bullfrog (D:8)
  6 scorpions
  2 necrophages
  2 wights (D:8)
  Dowan (D:6)
  A hound (D:5)
  2 orc priests (D:4)
  8 iguanas
  4 orc wizards
  7 adders
  A shadow imp (D:7)
  A white imp (D:7)
  3 worms
  2 dart slugs
  14 orcs
  3 endoplasms
  4 goblins
  6 hobgoblins
  9 jackals
  4 kobolds
  4 quokkas
  4 ball pythons
  2 bats
  A frilled lizard (D:2)
  5 rats
111 creatures vanquished.

Vanquished Creatures (others)
  A plant (D:5)
1 creature vanquished.

Grand Total: 112 creatures vanquished

Notes
Turn   | Place    | Note
-------+----------+-------------------------------------------
     0 | D:1      | qw the Troll Cinder Acolyte began the quest for the Orb.
     0 | D:1      | Reached XP level 1. HP: 22/22 MP: 1/1
     0 | D:1      | 0 ||| qw: Version: 0.1-a-102-g441f92d
     0 | D:1      | 0 ||| qw: Game counter: 5191
     0 | D:1      | 0 ||| qw: Always use a shield: true
     0 | D:1      | 0 ||| qw: God list: Okawaru
     0 | D:1      | 0 ||| qw: Allow faded altars: false
     0 | D:1      | 0 ||| qw: Do Orc after D:15 true
     0 | D:1      | 0 ||| qw: Do second Lair branch before Depths: true
     0 | D:1      | 0 ||| qw: Lair rune preference: random
     0 | D:1      | 0 ||| qw: Plans: Normal
     0 | D:1      | 0 ||| PLANNING D:1-11
   189 | D:1      | 189 ||| Stepping ~*~*~tactically~*~*~ (stealth).
   192 | D:1      | 192 ||| Stepping ~*~*~tactically~*~*~ (stealth).
   198 | D:1      | Reached XP level 2. HP: 27/29 MP: 2/2
   205 | D:1      | 205 ||| Stepping ~*~*~tactically~*~*~ (stealth).
   361 | D:1      | 361 ||| Stepping ~*~*~tactically~*~*~ (stealth).
   362 | D:1      | 362 ||| Stepping ~*~*~tactically~*~*~ (stealth).
   642 | D:1      | Reached skill level 4 in Unarmed Combat
   692 | D:1      | 692 ||| DROPPING amulet of magic regeneration.
   693 | D:1      | 693 ||| READING scroll labelled TUEMOFRACUZO.
   766 | D:2      | Reached XP level 3. HP: 32/36 MP: 3/3
   902 | D:2      | Found a shimmering blue altar of Sif Muna.
  1042 | D:2      | Found a faded altar of an unknown god.
  1184 | D:2      | 1184 ||| READING scroll labelled PAMMUX XOULO.
  1185 | D:2      | 1185 ||| READING 3 scrolls labelled RYMETW EVVUL.
  1186 | D:2      | 1186 ||| READING scroll labelled SUR EVOLOI.
  1187 | D:2      | 1187 ||| READING 2 scrolls of identify.
  1187 | D:2      | 1187 ||| IDENTIFYING black potion
  1221 | D:3      | 1221 ||| Stepping ~*~*~tactically~*~*~ (stealth).
  1460 | D:3      | Reached XP level 4. HP: 44/44 MP: 4/4
  1461 | D:3      | 1461 ||| Stepping ~*~*~tactically~*~*~ (outnumbered).
  1462 | D:3      | 1462 ||| Stepping ~*~*~tactically~*~*~ (outnumbered).
  1465 | D:3      | Reached skill level 5 in Unarmed Combat
  1796 | D:3      | 1796 ||| READING scroll labelled BIYKAPOTAA.
  1797 | D:3      | 1797 ||| READING scroll labelled GOULYM CEFO.
  1798 | D:3      | 1798 ||| READING scroll labelled XAMERO KAVENGE.
  1799 | D:3      | 1799 ||| READING 2 scrolls of identify.
  1799 | D:3      | 1799 ||| IDENTIFYING metallic puce potion
  1800 | D:3      | 1800 ||| DROPPING potion of attraction.
  1825 | D:2      | 1825 ||| Stepping randomly (stuck).
  2150 | D:2      | Identified the +6 leather armour of the Peculiar Loafs
                  | {rElec Dex+4}
  2151 | D:2      | 2151 ||| READING scroll labelled JOCHUR EXKODOG.
  2215 | D:4      | Found a staircase to the Ecumenical Temple.
  2487 | D:4      | Noticed a necrophage
  2492 | D:4      | Killed a necrophage
  2493 | D:4      | Reached skill level 6 in Unarmed Combat
  2493 | D:4      | Reached XP level 5. HP: 50/50 MP: 5/5
  2726 | D:4      | 2726 ||| Stepping ~*~*~tactically~*~*~ (hiding).
  2756 | D:4      | 2756 ||| Stepping ~*~*~tactically~*~*~ (stealth).
  2762 | D:4      | 2762 ||| INVOKING Fiery Armour.
  3012 | D:4      | Reached skill level 7 in Unarmed Combat
  3012 | D:4      | Reached XP level 6. HP: 34/59 MP: 6/6
  3143 | D:4      | 3143 ||| UPGRADING to ring of positive energy.
  3144 | D:4      | 3144 ||| READING scroll labelled TIARAT TYBAPAD.
  3145 | D:4      | 3145 ||| DRINKING 2 puce potions.
  3146 | D:4      | 3146 ||| READING 3 scrolls of identify.
  3146 | D:4      | 3146 ||| IDENTIFYING fuming amethyst potion
  3147 | D:4      | 3147 ||| READING 2 scrolls of identify.
  3147 | D:4      | 3147 ||| IDENTIFYING amethyst potion
  3148 | D:4      | 3148 ||| DROPPING potion of invisibility.
  3149 | D:4      | 3149 ||| Stepping randomly (stuck).
  3150 | D:4      | 3150 ||| Stepping ~*~*~tactically~*~*~ (cloud).
  3186 | D:5      | Entered Level 5 of the Dungeon
  3208 | D:5      | Noticed a water moccasin
  3218 | D:5      | 3218 ||| INVOKING Fiery Armour.
  3220 | D:5      | HP: 14/59 [water moccasin (4)]
  3223 | D:5      | Killed a water moccasin
  3226 | D:5      | HP: 8/59 [poisoned by a water moccasin]
  3229 | D:5      | Reached skill level 8 in Unarmed Combat
  3229 | D:5      | Reached XP level 7. HP: 7/66 MP: 7/7
  3328 | D:5      | Noticed Menkaure
  3329 | D:5      | 3329 ||| Stepping ~*~*~tactically~*~*~ (hiding).
  3330 | D:5      | 3330 ||| Stepping ~*~*~tactically~*~*~ (hiding).
  3338 | D:5      | 3338 ||| INVOKING Fiery Armour.
  3339 | D:5      | Killed Menkaure
  3340 | D:5      | Reached skill level 3 in Fighting
  3385 | D:5      | Found Busups's Hydra Hut.
  3386 | D:5      | Noticed a six-headed hydra
  3405 | D:5      | Identified the +1 cloak of Zuklim {Dex+2}
  3545 | D:5      | 3545 ||| Stepping ~*~*~tactically~*~*~ (hiding).
  3546 | D:5      | 3546 ||| Stepping ~*~*~tactically~*~*~ (hiding).
  3547 | D:5      | 3547 ||| Stepping ~*~*~tactically~*~*~ (hiding).
  3548 | D:5      | 3548 ||| Stepping ~*~*~tactically~*~*~ (hiding).
  3549 | D:5      | 3549 ||| Stepping ~*~*~tactically~*~*~ (hiding).
  3558 | D:5      | 3558 ||| INVOKING Fiery Armour.
  3560 | D:5      | Reached skill level 9 in Unarmed Combat
  3561 | D:5      | Reached skill level 1 in Throwing
  3561 | D:5      | Reached XP level 8. HP: 34/75 MP: 8/8
  3665 | D:5      | Reached skill level 1 in Dodging
  3683 | D:5      | Found an opulent altar of Gozag.
  3797 | D:5      | Noticed Sigmund
  3802 | D:5      | 3802 ||| Stepping ~*~*~tactically~*~*~ (hiding).
  3804 | D:5      | 3804 ||| DRINKING potion of curing.
  3804 | D:5      | 3804 ||| (to cure confusion)
  3810 | D:5      | Killed Sigmund
  3938 | D:5      | Reached skill level 10 in Unarmed Combat
  3975 | D:5      | Found a hide-covered altar of Uskayaw.
  4032 | D:5      | 4032 ||| UPGRADING to +1 cloak of Zuklim {Dex+2}.
  4037 | D:5      | 4037 ||| UPGRADING to ring of willpower.
  4038 | D:5      | 4038 ||| UPGRADING to ring of protection from fire.
  4040 | D:5      | 4040 ||| READING 2 scrolls of identify.
  4040 | D:5      | 4040 ||| IDENTIFYING grey potion
  4041 | D:5      | 4041 ||| DROPPING potion of flight.
  4088 | D:6      | Noticed Edmund
  4098 | D:6      | Killed Edmund
  4117 | D:6      | 4117 ||| Stepping ~*~*~tactically~*~*~ (stealth).
  4125 | D:6      | 4125 ||| Stepping ~*~*~tactically~*~*~ (stealth).
  4126 | D:6      | 4126 ||| Stepping ~*~*~tactically~*~*~ (stealth).
  4128 | D:6      | 4128 ||| Stepping ~*~*~tactically~*~*~ (hiding).
  4538 | D:6      | Noticed Duvessa
  4542 | D:6      | Noticed Dowan
  4543 | D:6      | 4543 ||| INVOKING Fiery Armour.
  4547 | D:6      | Killed Duvessa
  4554 | D:6      | Killed Dowan
  4601 | D:6      | Reached skill level 11 in Unarmed Combat
  4601 | D:6      | Reached XP level 9. HP: 85/85 MP: 9/9
  4639 | D:6      | Noticed Blork the orc
  4643 | D:6      | Killed Blork the orc
  4807 | D:6      | 4807 ||| READING scroll labelled ODU ABBEDYC.
  4812 | D:6      | 4812 ||| READING scroll labelled URIOVOHEEF.
  4813 | D:6      | 4813 ||| READING scroll labelled PEUTA OWALATZI.
  4837 | D:7      | 4837 ||| Stepping ~*~*~tactically~*~*~ (hiding).
  4838 | D:7      | 4838 ||| Stepping ~*~*~tactically~*~*~ (hiding).
  4998 | D:7      | 4998 ||| FLEEEEING.
  4999 | D:7      | 4999 ||| FLEEEEING.
  5000 | D:7      | 5000 ||| FLEEEEING.
  5001 | D:7      | 5001 ||| FLEEEEING.
  5002 | D:7      | 5002 ||| FLEEEEING.
  5003 | D:7      | 5003 ||| FLEEEEING.
  5004 | D:7      | 5004 ||| FLEEEEING.
  5005 | D:7      | 5005 ||| FLEEEEING.
  5006 | D:7      | 5006 ||| FLEEEEING.
  5007 | D:7      | 5007 ||| FLEEEEING.
  5008 | D:7      | 5008 ||| FLEEEEING.
  5009 | D:7      | 5009 ||| FLEEEEING.
  5010 | D:7      | 5010 ||| FLEEEEING.
  5011 | D:7      | 5011 ||| FLEEEEING.
  5012 | D:7      | 5012 ||| FLEEEEING.
  5013 | D:7      | 5013 ||| FLEEEEING.
  5014 | D:7      | 5014 ||| FLEEEEING.
  5015 | D:7      | 5015 ||| FLEEEEING.
  5016 | D:7      | 5016 ||| FLEEEEING.
  5017 | D:7      | 5017 ||| FLEEEEING.
  5018 | D:7      | 5018 ||| FLEEEEING.
  5019 | D:7      | 5019 ||| STAIRDANCE
  5338 | D:7      | 5338 ||| Stepping ~*~*~tactically~*~*~ (hiding).
  5340 | D:7      | 5340 ||| Stepping ~*~*~tactically~*~*~ (hiding).
  5540 | D:7      | Found a shimmering altar of Xom.
  5541 | D:7      | Found a shadowy altar of Dithmenos.
  5622 | D:7      | 5622 ||| DRINKING 2 white potions.
  5623 | D:7      | 5623 ||| DROPPING potion of degeneration.
  5833 | D:8      | 5833 ||| Stepping ~*~*~tactically~*~*~ (stealth).
  5835 | D:8      | 5835 ||| Stepping ~*~*~tactically~*~*~ (stealth).
  5836 | D:8      | 5836 ||| Stepping ~*~*~tactically~*~*~ (stealth).
  5840 | D:8      | 5840 ||| Stepping ~*~*~tactically~*~*~ (outnumbered).
  5841 | D:8      | 5841 ||| Stepping ~*~*~tactically~*~*~ (outnumbered).
  5842 | D:8      | 5842 ||| Stepping ~*~*~tactically~*~*~ (outnumbered).
  5843 | D:8      | 5843 ||| Stepping ~*~*~tactically~*~*~ (outnumbered).
  5847 | D:8      | 5847 ||| INVOKING Fiery Armour.
  5849 | D:8      | HP: 19/77 [wight/+0 mace (3)]
  5851 | D:8      | Reached skill level 12 in Unarmed Combat
  5851 | D:8      | HP: 1/76 [wight/+0 long sword (11)]
  5853 | D:8      | Slain by a wight

Levels and vault maps discovered:
D:1:      lightli_arrival_maybe_door_vault, layout_loops_ring
D:2:      layout_basic, basic_altar, basic_ecumenical_altar
D:3:      layout_basic, minmay_misc_feat_doors, kennysheep_crisscross,
          chequers_serial_rivers_micro_d
D:4:      layout_loops_corners, minmay_temple_entry_proselytizer
D:5:      cheibrodos_helix_gallery, layout_basic, nicolae_gozag_seed_capital,
          nicolae_uskayaw_suspiria, kennysheep_pointless_box, st_stairs_12,
          doesnt_shop_hydraphobe, uniq_menkaure, uniq_sigmund
D:6:      layout_loops_ring, uniq_edmund, uniq_blork_the_orc, uniq_duvessa
D:7:      layout_basic, minitemple, eino_tiny_chamber
D:8:      layout_layer_cave, mainiacjoe_overflow_alcove_1, lair_entry_dummy,
          uniq_amaemon

Skill      XL: |  1  2  3  4  5  6  7  8  9 |
---------------+----------------------------+-----
Unarmed Combat | 4 6 7 8 9 11 12 | 12.0
Fighting       | 3 4 |  4.3
Throwing       | 1 |  1.7
Dodging        | 1 |  1.1
Spellcasting   | |  1.0
Fire Magic     | |  2.1

Action                   |  1- 3 |  4- 6 |  7- 9 || total
-------------------------+-------+-------+-------++-------
Melee: Unarmed           |   115 |    61 |   125 ||   301
       Punch             |     1 |     1 |     4 ||     6
Throw: Boomerang         |    37 |    27 |    65 ||   129
Invok: Fiery Armour      |       |     2 |     4 ||     6
  Use: Scroll            |     5 |     8 |     4 ||    17
       Potion            |       |     1 |     2 ||     3
Armor: Robe              |    47 |    11 |    36 ||    94
Dodge: Dodged            |    45 |    16 |    42 ||   103

Table legend:
 A = Non-vault XP
 B = Vault XP
 C = Vault XP percentage of total XP
 D = Non-vault monster count
 E = Vault monster count
 F = Vault count percentage of total count
                 A         B        C        D         E       F
            +---------+---------+-------+---------+---------+-------
      Total |    2772 |     988 |  26.3 |     101 |      10 |   9.0
            +---------+---------+-------+---------+---------+-------
        D:1 |      29 |       0 |   0.0 |      17 |       0 |   0.0
        D:2 |      39 |       0 |   0.0 |      13 |       0 |   0.0
        D:3 |      55 |       0 |   0.0 |      19 |       0 |   0.0
        D:4 |     297 |      41 |  12.1 |      11 |       1 |   8.3
        D:5 |     995 |     465 |  31.8 |      15 |       5 |  25.0
        D:6 |     657 |     482 |  42.3 |      11 |       4 |  26.7
        D:7 |     459 |       0 |   0.0 |      11 |       0 |   0.0
        D:8 |     241 |       0 |   0.0 |       4 |       0 |   0.0
            +---------+---------+-------+---------+---------+-------
